SL
TOLEDO TITANS @ NORFOLK CRUISERS
06/27/2018
 
TOP OF THE 1ST
Toledo Titans batting - Pitching for Norfolk Cruisers : RHP Paul Moore
Pitching: RHP Paul Moore
Batting: RHB Brad Brown 0-0: Ball
1-0: Swinging Strike
1-1: Foul Ball, location: 2F
1-2: Strikes out swinging
Batting: RHB Sherman Davis 0-0: Ball
1-0: Called Strike
1-1: Called Strike
1-2: Foul Ball, location: 2F
1-2: Ball
2-2: Foul Ball, location: 2F
2-2: Ball
3-2: Fly out, F6 (Popup, 8LS)
Batting: LHB Michael Neely 0-0: Foul Ball, location: 2F
0-1: Swinging Strike
0-2: Foul Ball, location: 2F
0-2: Foul Ball, location: 2F
0-2: Ball
1-2: Ball
2-2: Strikes out looking
Top of the 1st over - 0 run(s), 0 hit(s), 0 error(s), 0 left on base; Toledo 0 - Norfolk 0
BOTTOM OF THE 1ST
Norfolk Cruisers batting - Pitching for Toledo Titans : RHP Bill Grange
Pitching: RHP Bill Grange
Batting: RHB Floyd Mitchell 0-0: Fly out, F3 (Popup, 3SF)
Batting: RHB Bill Childers 0-0: Fly out, F9 (Popup, 9S)
Batting: RHB Terry Sylvester 0-0: Fly out, F1 (Line Drive, 15)
Bottom of the 1st over - 0 run(s), 0 hit(s), 0 error(s), 0 left on base; Toledo 0 - Norfolk 0
TOP OF THE 2ND
Toledo Titans batting - Pitching for Norfolk Cruisers : RHP Paul Moore
Batting: RHB Enrique Pérez 0-0: Ground out 5-3 (Groundball, 5S)
Batting: LHB David Martínez 0-0: Ball
1-0: Called Strike
1-1: Ball
2-1: SINGLE (Groundball, 4M)
Batting: LHB Nathan Santos 0-0: Ball
David Martínez is caught stealing 2nd base
1-0: Called Strike
1-1: Ball
2-1: Called Strike
2-2: TRIPLE (Flyball, 8RXD)
Batting: LHB Salvador Vidal 0-0: Ball
1-0: Called Strike
1-1: Ball
2-1: Swinging Strike
2-2: Ball
3-2: Foul Ball, location: 2F
3-2: Strikes out swinging
Top of the 2nd over - 0 run(s), 2 hit(s), 0 error(s), 1 left on base; Toledo 0 - Norfolk 0
BOTTOM OF THE 2ND
Norfolk Cruisers batting - Pitching for Toledo Titans : RHP Bill Grange
Batting: RHB Jorge Gómez 0-0: Called Strike
0-1: Ball
1-1: Ground out 6-3 (Groundball, 6)
Batting: RHB Steven Talley 0-0: Ball
1-0: Called Strike
1-1: Swinging Strike
1-2: Ground out 4-3 (Groundball, 4)
Batting: RHB Carlos Rodríguez 0-0: Ball
1-0: Ball
2-0: Fly out, F7 (Flyball, 7S)
Bottom of the 2nd over - 0 run(s), 0 hit(s), 0 error(s), 0 left on base; Toledo 0 - Norfolk 0
TOP OF THE 3RD
Toledo Titans batting - Pitching for Norfolk Cruisers : RHP Paul Moore
Batting: RHB Steve Ferguson 0-0: Called Strike
0-1: Ball
1-1: Ball
2-1: Swinging Strike
2-2: SINGLE (Groundball, 4MD)
Pitching: LHP Denver Johnston
Batting: RHB Bill Grange 0-0: Ball
1-0: Ball
2-0: Sac Bunt - play at first, batter OUT! 5-4
Steve Ferguson to second
Batting: RHB Brad Brown 0-0: Ball
1-0: Called Strike
1-1: Called Strike
1-2: SINGLE (Flyball, 78S)
Steve Ferguson to third
Batting: RHB Sherman Davis 0-0: Ball
1-0: Called Strike
1-1: Ball
2-1: Foul Ball, location: 2F
2-2: Foul Ball, location: 2F
2-2: Ball
3-2: Base on Balls
Brad Brown to second
Batting: LHB Michael Neely 0-0: Grounds into fielders choice 1-2 (Groundball, 13)
Brad Brown to third
Sherman Davis to second
Batting: RHB Enrique Pérez 0-0: Called Strike
0-1: Foul Ball, location: 2F
0-2: Strikes out swinging
Top of the 3rd over - 0 run(s), 2 hit(s), 0 error(s), 3 left on base; Toledo 0 - Norfolk 0
BOTTOM OF THE 3RD
Norfolk Cruisers batting - Pitching for Toledo Titans : RHP Bill Grange
Batting: RHB David Gómez 0-0: Ground out 2-3 (Groundball, 2R)
Batting: RHB Kyle Dempsey 0-0: Called Strike
0-1: Ball
1-1: Ground out 5-3 (Groundball, 5S)
Batting: LHB Denver Johnston 0-0: Called Strike
0-1: Called Strike
0-2: Ball
1-2: Strikes out looking
Bottom of the 3rd over - 0 run(s), 0 hit(s), 0 error(s), 0 left on base; Toledo 0 - Norfolk 0
TOP OF THE 4TH
Toledo Titans batting - Pitching for Norfolk Cruisers : LHP Denver Johnston
Batting: LHB David Martínez 0-0: Called Strike
0-1: Ball
1-1: Foul Ball, location: 2F
1-2: Strikes out swinging
Batting: LHB Nathan Santos 0-0: Ball
1-0: Fly out, F8 (Flyball, 78M)
Batting: LHB Salvador Vidal 0-0: Ball
1-0: Ground out 4-3 (Groundball, 4M)
Top of the 4th over - 0 run(s), 0 hit(s), 0 error(s), 0 left on base; Toledo 0 - Norfolk 0
BOTTOM OF THE 4TH
Norfolk Cruisers batting - Pitching for Toledo Titans : RHP Bill Grange
Batting: RHB Floyd Mitchell 0-0: Fly out, F8 (Flyball, 8LS)
Batting: RHB Bill Childers 0-0: Swinging Strike
0-1: Ball
1-1: Foul Ball, location: 2F
1-2: Ground out 6-3 (Groundball, 6)
Batting: RHB Terry Sylvester 0-0: Fly out, F5 (Line Drive, 5S)
Bottom of the 4th over - 0 run(s), 0 hit(s), 0 error(s), 0 left on base; Toledo 0 - Norfolk 0
TOP OF THE 5TH
Toledo Titans batting - Pitching for Norfolk Cruisers : LHP Denver Johnston
Batting: RHB Steve Ferguson 0-0: Swinging Strike
0-1: Ball
1-1: Foul Ball, location: 2F
1-2: Foul Ball, location: 2F
1-2: Foul Ball, location: 2F
1-2: SINGLE (Line Drive, 78M)
Batting: RHB Bill Grange 0-0: Called Strike
0-1: Bunt missed!
0-2: Ball
1-2: Sac Bunt - play at second, runner OUT! 1-6
Batting: RHB Brad Brown 0-0: Ball
1-0: Fielders Choice at 2nd, 4-6 (Groundball, 4)
Batting: RHB Sherman Davis 0-0: Ball
1-0: Ball
2-0: Ground out 1-3 (Groundball, 15)
Top of the 5th over - 0 run(s), 1 hit(s), 0 error(s), 1 left on base; Toledo 0 - Norfolk 0
BOTTOM OF THE 5TH
Norfolk Cruisers batting - Pitching for Toledo Titans : RHP Bill Grange
Batting: RHB Jorge Gómez 0-0: Called Strike
0-1: Ball
1-1: Swinging Strike
1-2: Ball
2-2: Foul Ball, location: 2F
2-2: Ground out 6-3 (Groundball, 6)
Batting: RHB Steven Talley 0-0: Reached on error, E3 (Groundball, 3S)
Batting: RHB Carlos Rodríguez 0-0: Ball
1-0: Ball
2-0: Foul Ball, location: 2F
2-1: Foul Ball, location: 2F
2-2: Ball
3-2: Foul Ball, location: 2F
3-2: Foul Ball, location: 2F
3-2: SINGLE (Groundball, 56D)
Steven Talley to second
Batting: RHB David Gómez 0-0: Ball
1-0: Called Strike
1-1: Foul Ball, location: 2F
1-2: Foul Ball, location: 2F
1-2: Foul Ball, location: 2F
1-2: Ball
2-2: Fly out, F3 (Popup, 3F)
Batting: RHB Kyle Dempsey 0-0: Ball
1-0: Ball
2-0: SINGLE (Groundball, 56D)
Steven Talley to third
Carlos Rodríguez to second
Runner from 3rd tries for Home, SAFE, no throw or cutoff
Pinch Hitting: RHB Tom Baker 0-0: Called Strike
0-1: Swinging Strike
0-2: Ball
1-2: Strikes out looking
Bottom of the 5th over - 1 run(s), 2 hit(s), 1 error(s), 2 left on base; Toledo 0 - Norfolk 1
TOP OF THE 6TH
Toledo Titans batting - Pitching for Norfolk Cruisers : LHP Denver Johnston
Pitching: LHP Allen Blair
Batting: LHB Michael Neely 0-0: Ball
1-0: DOUBLE (Flyball, 89XD)
Batting: RHB Enrique Pérez 0-0: Foul Ball, location: 2F
0-1: Ball
1-1: Swinging Strike
1-2: Strikes out swinging
Batting: LHB David Martínez 0-0: Swinging Strike
0-1: Ball
1-1: Ball
2-1: Ball
3-1: Called Strike
3-2: Foul Ball, location: 2F
3-2: Strikes out swinging
Batting: LHB Nathan Santos 0-0: Called Strike
0-1: Fly out, F8 (Flyball, 8LM)
Top of the 6th over - 0 run(s), 1 hit(s), 0 error(s), 1 left on base; Toledo 0 - Norfolk 1
BOTTOM OF THE 6TH
Norfolk Cruisers batting - Pitching for Toledo Titans : RHP Bill Grange
Batting: RHB Floyd Mitchell 0-0: Ball
1-0: Ground out 5-3 (Groundball, 5S)
Batting: RHB Bill Childers 0-0: Called Strike
0-1: SINGLE (Groundball, 6M)
Batting: RHB Terry Sylvester 0-0: SINGLE (Line Drive, 6MD)
Bill Childers to second
Batting: RHB Jorge Gómez 0-0: Ball
1-0: Foul Ball, location: 2F
1-1: Ball
2-1: Foul Ball, location: 2F
2-2: Ball
3-2: Base on Balls
Bill Childers to third
Terry Sylvester to second
Batting: RHB Steven Talley 0-0: Called Strike
0-1: Ball
1-1: Called Strike
1-2: Foul Ball, location: 2F
1-2: Hit by Pitch
Bill Childers scores
Terry Sylvester to third
Jorge Gómez to second
Batting: RHB Carlos Rodríguez 0-0: Called Strike
0-1: Ball
1-1: Swinging Strike
1-2: Ball
2-2: Ground out 4-3 (Groundball, 4M)
Terry Sylvester scores
Jorge Gómez to third
Steven Talley to second
Batting: RHB David Gómez 0-0: Ball
1-0: Called Strike
1-1: Ball
2-1: Ground out 4-3 (Groundball, 4)
Bottom of the 6th over - 2 run(s), 2 hit(s), 0 error(s), 2 left on base; Toledo 0 - Norfolk 3
TOP OF THE 7TH
Toledo Titans batting - Pitching for Norfolk Cruisers : LHP Allen Blair
Batting: LHB Salvador Vidal 0-0: Ball
1-0: Called Strike
1-1: SINGLE (Line Drive, 8LS)
Batting: RHB Steve Ferguson 0-0: Foul Ball, location: 2F
0-1: Fly out, F8 (Flyball, 8LM)
Batting: RHB Bill Grange 0-0: Ball
1-0: Fly out, F8 (Flyball, 8LM)
Batting: RHB Brad Brown 0-0: Ball
1-0: Ball
2-0: Ball
3-0: Called Strike
3-1: SINGLE (Groundball, 56D)
Salvador Vidal to second
Batting: RHB Sherman Davis 0-0: Ball
1-0: Swinging Strike
1-1: Foul Ball, location: 2F
1-2: Strikes out looking
Top of the 7th over - 0 run(s), 2 hit(s), 0 error(s), 2 left on base; Toledo 0 - Norfolk 3
BOTTOM OF THE 7TH
Norfolk Cruisers batting - Pitching for Toledo Titans : RHP Bill Grange
Batting: RHB Kyle Dempsey 0-0: SINGLE (Groundball, 13) (infield hit)
Pinch Hitting: SHB Stephen Baldwin 0-0: Ball
1-0: Ball
2-0: Foul Ball, location: 2F
2-1: Ball
3-1: Foul Ball, location: 2F
3-2: Strikes out swinging
Batting: RHB Floyd Mitchell 0-0: SINGLE (Groundball, 56D)
Kyle Dempsey to second
Batting: RHB Bill Childers 0-0: Swinging Strike
0-1: Foul Ball, location: 2F
0-2: Ball
1-2: Ball
2-2: Foul Ball, location: 2F
2-2: Foul Ball, location: 2F
2-2: Foul Ball, location: 2F
2-2: Ball
3-2: SINGLE (Line Drive, 7S)
Kyle Dempsey to third
Floyd Mitchell to second
Runner from 3rd tries for Home, SAFE, throw made home
Floyd Mitchell to third
Bill Childers to second
Batting: RHB Terry Sylvester 0-0: Called Strike
0-1: Fly out, F5 (Popup, 56S)
Batting: RHB Jorge Gómez 0-0: 3-RUN HOME RUN (Flyball, 7D), Distance : 380 ft
Pitching: LHP Ron O'Slattery
Batting: RHB Steven Talley 0-0: Foul Ball, location: 2F
0-1: Ball
1-1: Ball
2-1: Swinging Strike
2-2: Ground out 6-3 (Groundball, 6)
Bottom of the 7th over - 4 run(s), 4 hit(s), 0 error(s), 0 left on base; Toledo 0 - Norfolk 7
TOP OF THE 8TH
Toledo Titans batting - Pitching for Norfolk Cruisers : LHP Allen Blair
Pitching: LHP Russ Melanson
Batting: LHB Michael Neely 0-0: Swinging Strike
0-1: Swinging Strike
0-2: Strikes out swinging
Batting: RHB Enrique Pérez 0-0: Called Strike
0-1: Swinging Strike
0-2: Ball
1-2: Ball
2-2: Ball
3-2: SINGLE (Groundball, 56)
Batting: LHB David Martínez 0-0: Ball
1-0: Called Strike
1-1: Foul Ball, location: 2F
1-2: Foul Ball, location: 2F
1-2: SINGLE (Line Drive, 4MD)
Enrique Pérez to second
Batting: LHB Nathan Santos 0-0: Ball
1-0: Ball
2-0: Ball
3-0: Called Strike
3-1: Called Strike
3-2: SINGLE (Line Drive, 56D)
Enrique Pérez to third
David Martínez to second
Batting: LHB Salvador Vidal 0-0: Called Strike
0-1: Ball
1-1: Swinging Strike
1-2: Foul Ball, location: 2F
1-2: Ball
2-2: Grounds into double play, 4-6-3 (Groundball, 4)
Top of the 8th over - 0 run(s), 3 hit(s), 0 error(s), 2 left on base; Toledo 0 - Norfolk 7
BOTTOM OF THE 8TH
Norfolk Cruisers batting - Pitching for Toledo Titans : LHP Ron O'Slattery
Batting: RHB Carlos Rodríguez 0-0: Foul Ball, location: 2F
0-1: Called Strike
0-2: Strikes out swinging
Batting: RHB David Gómez 0-0: Called Strike
0-1: Called Strike
0-2: Ball
1-2: Ball
2-2: Ball
3-2: Base on Balls
Batting: RHB Kyle Dempsey 0-0: Called Strike
0-1: Ball
1-1: Swinging Strike
1-2: Strikes out swinging
Pinch Hitting: RHB Félix Flores 0-0: Called Strike
0-1: Ball
1-1: Foul Ball, location: 2F
1-2: Ball
2-2: Foul Ball, location: 2F
2-2: Ball
3-2: Ground out 4-3 (Groundball, 4M)
Bottom of the 8th over - 0 run(s), 0 hit(s), 0 error(s), 1 left on base; Toledo 0 - Norfolk 7
TOP OF THE 9TH
Toledo Titans batting - Pitching for Norfolk Cruisers : LHP Russ Melanson
Pitching: RHP John Green
Batting: RHB Steve Ferguson 0-0: Ball
1-0: Called Strike
1-1: Ball
2-1: DOUBLE (Flyball, 89M)
Pinch Hitting: SHB Curt Bryant 0-0: Ball
1-0: Foul Ball, location: 2F
1-1: Foul Ball, location: 2F
1-2: Ball
2-2: Strikes out looking
Batting: RHB Brad Brown 0-0: Ball
1-0: SINGLE (Flyball, 9S)
Steve Ferguson to third
Runner from 3rd tries for Home, SAFE, no throw or cutoff
Batting: RHB Sherman Davis 0-0: Foul Ball, location: 2F
0-1: Ball
1-1: Ball
2-1: Foul Ball, location: 2F
2-2: Ball
3-2: Base on Balls
Brad Brown to second
Batting: LHB Michael Neely 0-0: Ball
1-0: Called Strike
1-1: SINGLE (Line Drive, 9LS)
Brad Brown to third
Sherman Davis to second
Batting: RHB Enrique Pérez 0-0: SINGLE (Line Drive, 89S)
Brad Brown scores
Sherman Davis to third
Michael Neely to second
Batting: LHB David Martínez 0-0: Ball
1-0: SINGLE (Groundball, 25) (infield hit)
Sherman Davis scores
Michael Neely to third
Enrique Pérez to second
Batting: LHB Nathan Santos 0-0: Ball
1-0: Called Strike
1-1: Ball
2-1: Foul Ball, location: 2F
2-2: Ball
3-2: Base on Balls
Michael Neely scores
Enrique Pérez to third
David Martínez to second
Batting: LHB Salvador Vidal 0-0: Called Strike
0-1: Ball
1-1: Fly out, F7 (Flyball, 78XD)
Runner from 3rd tags up, SCORES, no throw
David Martínez to third
Pinch Hitting: RHB Melvin Baldwin 0-0: Ball
1-0: SINGLE (Line Drive, 4D)
David Martínez scores
Nathan Santos to second
Batting: SHB Curt Bryant 0-0: Called Strike
0-1: Called Strike
0-2: Ball
1-2: Strikes out swinging
Top of the 9th over - 6 run(s), 6 hit(s), 0 error(s), 2 left on base; Toledo 6 - Norfolk 7
This league is powered by Out of the Park Baseball, the baseball management simulation game for PC, Mac and Linux
Monday, May 4th, 2015 - OOTP Baseball 15.6 Build 34